 Dungeon Crawl Stone Soup version 0.28-a0-1415-g7c84da036a (webtiles) character file.

Game seed: 3046700320843354685

13219 croobank the Jinx (level 12, -9/93 (96) HPs)
             Began as a Formicid Arcane Marksman on Jan 7, 2022.
             Was an Elder of Sif Muna.
             Mangled by a skeletal warrior (18 damage)
             ... on level 10 of the Dungeon.
             The game lasted 02:01:56 (14474 turns).

croobank the Jinx (Formicid Arcane Marksman)       Turns: 14474, Time: 02:01:56

HP:   -9/93 (96)    AC: 13    Str: 16    XL:     12   Next: 30%
MP:   33/33         EV: 14    Int: 23    God:    Sif Muna [****..]
Gold: 580           SH:  4    Dex: 17    Spells: 19/27 levels left

rFire   . . .      SeeInvis +   a - +3 short sword (vamp)
rCold   . . .      Faith    +   O - +0 buckler
rNeg    . . .      Spirit   .   n - +1 ring mail of Wihimny {-Tele rPois Dex+6 Slay+3}
rPois   +          Reflect  .   (helmet unavailable)
rElec   .          Harm     .   l - +1 cloak
rCorr   .          Rampage  .   y - +0 pair of gloves
Will    +....      Clarity  +   (no boots)
Stlth   +.........              N - amulet of Noiniasm {Faith Int+6}
HPRegen 0.25/turn               k - +4 ring of protection
MPRegen 0.23/turn               d - ring of magical power

@: brilliant, lightly drained
A: permanent stasis, dig shafts and tunnels, antennae 3, four strong arms,
talons 1, clarity
a: Dig, Shaft Self, Renounce Religion, Channel Magic, Forget Spell, Divine
Exegesis


You were on level 10 of the Dungeon.
You worshipped Sif Muna.
Sif Muna was greatly pleased with you.
You visited 3 branches of the dungeon, and saw 15 of its levels.
You also visited: Ossuary.

You collected 750 gold pieces.
You spent 170 gold pieces at shops.

Inventory:

Hand Weapons
 a - a +3 vampiric short sword (weapon)
 b - a +0 hunting sling of flaming
 e - a +0 whip of electrocution
 p - a +1 short sword of protection
 z - the +4 hand axe of Departure {drain, rC++ Stlth+}
   (You took it off a gnoll on level 5 of the Dungeon)

   A truly terrible weapon, it drains the life of any living foe it strikes.
   rC:        It greatly protects you from cold.
   Stlth:     It makes you more stealthy.
 E - a +2 antimagic dagger
Missiles
 c - 88 sling bullets
 f - 220 arrows
 i - 449 stones
 q - 49 poisoned darts (quivered)
 w - 84 bolts
 x - 4 throwing nets
 A - 2 javelins
Armour
 l - a +1 cloak (worn)
 n - the +1 ring mail of Wihimny (worn) {-Tele rPois Dex+6 Slay+3}
   (You found it on level 3 of the Dungeon)

   Dex:       It affects your dexterity (+6).
   Slay:      It affects your accuracy & damage with ranged weapons and melee
   (+3).
   rPois:     It protects you from poison.
   -Tele:     It prevents most forms of teleportation.
 u - a +0 plate armour
 y - a +0 pair of gloves (worn)
 C - the +1 robe of Makhleb's Condemnation {rPois rF+ Stlth+ Archmagi}
   (You found it on level 5 of the Dungeon)

   rF:        It protects you from fire.
   rPois:     It protects you from poison.
   Archmagi:  It increases the power of your magical spells.
   Stlth:     It makes you more stealthy.
 O - a +0 buckler (worn)
 P - a scarf of repulsion
Magical Staves
 v - a staff of death
Jewellery
 d - a ring of magical power (right hand)
 k - a +4 ring of protection (left hand)
 D - an amulet of the acrobat
 N - the amulet of Noiniasm (around neck) {Faith Int+6}
   (You took it off a centaur on level 8 of the Dungeon)

   [amulet of faith]

   It allows you to gain divine favour quickly.
   Int:       It affects your intelligence (+6).
Wands
 g - a wand of paralysis (3)
 m - a wand of mindburst (14)
 t - a wand of digging (8)
Scrolls
 F - a scroll of magic mapping
 G - 3 scrolls of fog
 H - 2 scrolls of amnesia
 K - a scroll of brand weapon
 Q - a scroll of fear
Potions
 j - 6 potions of curing
 o - a potion of brilliance
 r - 2 potions of flight {unknown}
 s - 2 potions of might {unknown}
 B - 3 potions of invisibility
 I - 3 potions of lignification
 J - a potion of haste {unknown}
 L - a potion of ambrosia {unknown}
 S - 2 potions of magic {unknown}


   Skills:
 + Level 9.4 Fighting
 + Level 8.4 Short Blades
 - Level 2.6 Slings
 + Level 8.1 Dodging
 - Level 8.2 Spellcasting
 - Level 10.4 Hexes
 * Level 3.3 Summonings


You had 19 spell levels left.
You knew the following spells:

 Your Spells              Type           Power      Damage    Failure   Level
a - Slow                  Hex            100%       N/A       1%          1
b - Inner Flame           Hex/Fire       50%        N/A       6%          3
c - Cause Fear            Hex            36%        N/A       2%          4

Your spell library contained the following spells:

 Spells                   Type           Power      Damage    Failure   Level
 Summon Guardian Golem    Hex/Summ       58%        N/A       3%          3
 Summon Small Mammal      Summ           100%       N/A       4%          1
 Portal Projectile        Hex/Tloc       100%       N/A       6%          3
 Call Canine Familiar     Summ           37%        N/A       12%         3
 Blade Hands              Tmut           7%         N/A       99%         5
 Irradiate                Conj/Tmut      7%         3d16      99%         5
 Dragon Form              Tmut           7%         N/A       100%        7


Dungeon Overview and Level Annotations

Branches:
Dungeon (13/15)            Temple (1/1) D:4            Lair (1/6) D:10
Ossuary (visited)
    Orc: D:9-12      Vaults: D:13-14

Altars:
Ashenzari
Cheibriados
Dithmenos
Elyvilon
Fedhas
Gozag
Hepliaklqana
Kikubaaqudgha
Makhleb
Nemelex Xobeh
Okawaru
Qazlal
Ru
Sif Muna
Trog
Uskayaw
Vehumet
Wu Jian
Xom
Yredelemnul
Zin
The Shining One

Shops:
D:6 *   D:9 *   D:12 ?


Innate Abilities, Weirdness & Mutations

You cannot be hasted, slowed, berserked, paralysed or teleported.
You can dig through walls and to a lower floor.
You have a pair of large antennae on your head. (SInv)
Your four strong arms can wield two-handed weapons with a shield.
You have sharp toenails.
You possess an exceptional clarity of mind.


Message History

You feel much better.
The skeletal warrior closely misses you.
You feel much better.
The skeletal warrior hits you with a +0 flail.
You barely miss the skeletal warrior. You claw the skeletal warrior.
The skeletal warrior is heavily damaged.
The skeletal warrior hits you with a +0 flail.
You barely miss the skeletal warrior.
The skeletal warrior is heavily damaged.
The skeletal warrior hits you with a +0 flail.
You puncture the skeletal warrior! You claw the skeletal warrior.
The skeletal warrior is severely damaged.
You hit the skeletal warrior but do no damage.
Your kick misses the skeletal warrior.
The skeletal warrior is severely damaged.
The skeletal warrior hits you with a +0 flail.
You hit the skeletal warrior but do no damage.
The skeletal warrior is severely damaged.
The skeletal warrior hits you with a +0 flail!!
You barely miss the skeletal warrior.
The skeletal warrior is severely damaged.
The skeletal warrior closely misses you.
You hit the skeletal warrior.
The skeletal warrior is severely damaged.
You hit the skeletal warrior but do no damage.
The skeletal warrior is severely damaged.
The skeletal warrior closely misses you.
You barely miss the skeletal warrior. Your kick misses the skeletal warrior.
The skeletal warrior is severely damaged.
The skeletal warrior hits you with a +0 flail!!
* * * LOW HITPOINT WARNING * * *
You feel much better.
The skeletal warrior hits you with a +0 flail!!
* * * LOW HITPOINT WARNING * * *
Are you sure you want to shaft yourself?
The skeletal warrior hits you with a +0 flail!
* * * LOW HITPOINT WARNING * * *
You begin to dig a shaft.
You continue digging a shaft.
The skeletal warrior hits you with a +0 flail!!
You die...

########################
#.......................
#.......................
#..###....##............
#.........##............
#......@................
#.....z#######..........
#.###..#.....#..........
#. #..#.....#..........
#.###..#.....#...######.
#.....>####..#..........
#.........#..###.......#
#...#.....#....#.###...#
#...#.....#....#.# #...#


You could see a skeletal warrior.

Vanquished Creatures
  A two-headed ogre (D:7)
  Pikel (D:7)
  4 cane toads (Lair:1)
  3 unseen horrors
  A komodo dragon (Lair:1)
  Grinder (D:5)
  A shadow (D:11)
  18 yaks
  A vampire (D:10)
  A wraith (D:10)
  Eustachio (D:5)
  4 wyverns
  2 wargs (D:10)
  3 water moccasins
  Duvessa (D:5)
  5 black bears
  A sky beast (D:6)
  3 orc warriors
  An ice beast (D:6)
  2 ogres
  4 centaurs
  3 necrophages (D:5)
  4 wolves (Lair:1)
  2 kobold brigands
  A phantom (D:5)
  7 bullfrogs
  4 scorpions
  A water moccasin skeleton (D:6)
  Dowan (D:5)
  7 wights
  8 killer bees (D:9)
  2 howler monkeys
  A bullfrog zombie (D:7)
  5 orc priests
  2 gnoll shamans
  2 bullfrog skeletons
  5 hounds
  Jessica (D:3)
  A centaur skeleton (D:6)
  An iguana (D:6)
  19 orc wizards
  8 mummies (Ossuary)
  A howler monkey zombie (D:7)
  Robin (D:3)
  31 gnolls
  10 adders
  4 white imps
  A dart slug (D:3)
  16 orcs
  10 ball pythons
  5 bats
  9 endoplasms
  8 giant cockroaches
  2 gnoll zombies (Ossuary)
  13 goblins
  12 hobgoblins
  2 quokkas
  5 frilled lizards
  A hobgoblin zombie (Ossuary)
  56 kobolds
  2 kobold zombies (Ossuary)
  3 orc zombies (Ossuary)
  7 rats
343 creatures vanquished.

Vanquished Creatures (others)
  2 fungi (Lair:1)
  44 plants
  5 toadstools (D:1)
51 creatures vanquished.

Grand Total: 394 creatures vanquished

Notes
Turn   | Place    | Note
-------+----------+-------------------------------------------
     0 | D:1      | croobank the Formicid Arcane Marksman began the quest for
                  | the Orb.
     0 | D:1      | Reached XP level 1. HP: 15/15 MP: 2/2
   142 | D:1      | Found a faded altar of an unknown god.
   182 | D:1      | Reached XP level 2. HP: 19/21 MP: 3/3
   648 | D:1      | Reached XP level 3. HP: 25/26 MP: 5/5
   683 | D:1      | Reached skill level 4 in Hexes
  1359 | D:2      | Found a radiant altar of Vehumet.
  1917 | D:3      | Gained mutation: You possess an exceptional clarity of
                  | mind. [potion of mutation]
  1917 | D:3      | Gained mutation: You have sharp toenails. [potion of
                  | mutation]
  1925 | D:3      | Reached XP level 4. HP: 33/33 MP: 6/6
  2053 | D:3      | Noticed Robin
  2065 | D:3      | Killed Robin
  2116 | D:3      | Reached skill level 1 in Short Blades
  2568 | D:3      | Reached XP level 5. HP: 36/38 MP: 8/8
  2602 | D:3      | Identified the +1 ring mail of Wihimny {-Tele rPois Dex+6
                  | Slay+3}
  2647 | D:3      | Noticed Jessica
  2659 | D:3      | Killed Jessica
  2894 | D:3      | Reached XP level 6. HP: 27/46 MP: 9/9
  3493 | D:3      | Reached skill level 5 in Hexes
  3810 | D:4      | Reached XP level 7. HP: 52/52 MP: 11/11
  3936 | D:4      | Noticed Eustachio
  3945 | D:4      | Identified the +4 hand axe of Departure {drain, rC++
                  | Stlth+}
  3954 | D:5      | Entered Level 5 of the Dungeon
  3997 | D:5      | Killed Eustachio
  4098 | D:5      | Learned a level 3 spell: Inner Flame
  4380 | D:4      | Found a bloodstained altar of Trog.
  4442 | D:4      | Reached XP level 8. HP: 60/60 MP: 13/13
  4506 | D:4      | Learned a level 4 spell: Cause Fear
  4546 | D:4      | Reached skill level 6 in Hexes
  4857 | D:4      | Found a staircase to the Ecumenical Temple.
  4866 | Temple   | Entered the Ecumenical Temple
  4961 | Temple   | Became a worshipper of Sif Muna the Loreminder
  5414 | D:5      | Noticed Duvessa
  5414 | D:5      | Noticed Dowan
  5431 | D:5      | Killed Duvessa
  5439 | D:5      | Killed Dowan
  5442 | D:5      | Noticed Grinder
  5470 | D:5      | Killed Grinder
  5471 | D:5      | Reached skill level 5 in Fighting
  5471 | D:5      | Reached XP level 9. HP: 56/68 MP: 16/16
  5574 | D:5      | Reached skill level 5 in Spellcasting
  5574 | D:5      | Reached skill level 7 in Hexes
  5757 | D:5      | Reached skill level 5 in Dodging
  5840 | D:5      | Identified the +1 robe of Makhleb's Condemnation {rPois rF+
                  | Stlth+ Archmagi}
  6184 | D:6      | Reached skill level 5 in Short Blades
  6371 | D:6      | Reached * piety under Sif Muna
  6693 | D:6      | Reached XP level 10. HP: 72/76 MP: 18/18
  6800 | D:6      | Found Zalah's Serpentskin Sales.
  6810 | D:6      | Reached skill level 8 in Hexes
  7340 | D:7      | Noticed Pikel
  7345 | D:7      | Noticed a two-headed ogre
  7364 | D:7      | Killed Pikel
  7915 | D:7      | Reached ** piety under Sif Muna
  7994 | D:7      | Killed a two-headed ogre
  8600 | D:8      | Reached skill level 9 in Hexes
  8625 | D:8      | Found a sand-covered staircase.
  8629 | Ossuary  | Entered an ossuary
  9463 | D:7      | Reached XP level 11. HP: 77/85 MP: 21/21
  9781 | D:8      | Identified the amulet of Noiniasm {Faith Int+6}
  9930 | D:8      | Reached *** piety under Sif Muna
 10629 | D:9      | Found Ehilisaf's Assorted Antiques.
 11297 | D:10     | Entered Level 10 of the Dungeon
 11512 | D:10     | Noticed a skeletal warrior
 11512 | D:10     | Noticed a skeletal warrior
 11512 | D:10     | Noticed a skeletal warrior
 11668 | D:10     | You fall into a shaft and drop 3 floors!
 11669 | D:13     | Noticed a cyclops
 11939 | D:12     | Reached skill level 10 in Hexes
 11940 | D:12     | Found Cyedomof's Magic Scroll Shoppe.
 11955 | D:12     | Bought a scroll of identify for 20 gold pieces
 11955 | D:12     | Bought a scroll of magic mapping for 35 gold pieces
 11955 | D:12     | Bought a scroll of identify for 20 gold pieces
 11955 | D:12     | Bought a scroll of identify for 20 gold pieces
 11958 | D:12     | Bought a scroll of enchant armour for 75 gold pieces
 12019 | D:11     | You fall into a shaft and drop 1 floor!
 12695 | D:10     | Found a staircase to the Lair.
 12736 | D:10     | Reached **** piety under Sif Muna
 13042 | D:10     | Reached XP level 12. HP: 87/95 MP: 24/24
 13185 | Lair:1   | Entered Level 1 of the Lair of Beasts
 13245 | Lair:1   | Reached skill level 1 in Summonings
 14474 | D:10     | Mangled by a skeletal warrior

Illustrated notes

Levels and vault maps discovered:
D:1:      ldierk_walled_garden, layout_basic,
          shapermc_ecumenical_altar_flowoftime, grunt_decor_one_mirror,
          minmay_worlds_worst_comb
D:2:      layout_loops_corners, basic_altar, grunt_decor_fettered,
          grunt_decor_resistance, minmay_pentomino_s2
D:3:      minmay_goblin_kobold_castle, layout_rooms, uniq_robin, uniq_jessica
D:4:      layout_rooms, kennysheep_mini_moat,
          minmay_temple_entry_statues_pillars, serial_forest,
          infiniplex_forest_lined_4_way, infiniplex_forest_clump_diagonal,
          infiniplex_forest_clump_long, infiniplex_forest_lined_2,
          infiniplex_forest_corner_1, infiniplex_forest_lined_3_way,
          infiniplex_forest_diagonal, infiniplex_forest_lined_3,
          infiniplex_forest_lined_2, infiniplex_forest_lined_corner,
          st_stairs_9, serial_bayou_lake_a, uniq_eustachio
D:5:      layout_loops_ring, uniq_grinder, uniq_duvessa
D:6:      minmay_flawed_box, layout_cave_pods, guppyfry_shop_venom
D:7:      layout_rooms, uniq_pikel
D:8:      layout_loops_ring, nicolae_ossuary_entry_plus
D:9:      layout_loops_cross, serial_shops, shop
D:10:     layout_stronghold, erik_lair_orcish_takeover, grunt_ministairs_4
D:11:     layout_loops_ring, erik_orc_2, minmay_misc_feat_tiny,
          nicolae_transmutations_shop
D:12:     layout_loops_cross, serial_shops, shop
D:13:     minmay_polygon_palace, layout_irregular_city, serial_shops,
          bzr_entry_islet, ebering_ghost_rock_garden
Temple:   mainiacjoe_temple_trianglar_array
Lair:1:   layout_regular_city, minivault_23, chequers_serial_rivers_large_b

Skill      XL: |  1  2  3  4  5  6  7  8  9 10 11 12 |
---------------+-------------------------------------+-----
Dodging        | 2 3 4 5 6 7 8 |  8.1
Hexes          | 4 5 6 7 9 10 | 10.4
Fighting       | 2 3 4 5 6 7 9 |  9.4
Spellcasting   | 2 3 4 5 7 8 |  8.2
Short Blades   | 1 2 3 4 5 6 7 8 |  8.4
Summonings     | 3 |  3.3
Slings         | |  2.6

Action                   |  1- 3 |  4- 6 |  7- 9 | 10-12 || total
-------------------------+-------+-------+-------+-------++-------
Melee: Short sword       |    75 |   213 |   328 |   790 ||  1406
       Kick              |     3 |    64 |   109 |   338 ||   514
       Punch             |       |     1 |     6 |    10 ||    17
 Fire: Hunting sling     |    36 |     4 |    17 |    31 ||    88
Throw: Dart              |       |       |       |    12 ||    12
 Cast: Slow              |     1 |       |    39 |    60 ||   100
       Inner Flame       |       |       |       |     1 ||     1
 Abil: Shaft Self        |       |       |       |     3 ||     3
       Dig               |       |       |       |     1 ||     1
Evoke: Wand              |       |       |       |     4 ||     4
  Use: Scroll            |     3 |       |     3 |    12 ||    18
       Potion            |     1 |       |       |     6 ||     7
 Stab: Sleeping          |     1 |       |       |       ||     1
Armor: Robe              |    25 |       |       |       ||    25
       Ring mail         |    10 |   101 |   134 |   266 ||   511
Dodge: Dodged            |    67 |   153 |   162 |   408 ||   790
Block: Buckler           |       |       |       |    55 ||    55

Table legend: (Time is in decaauts)
 A = Elapsed time spent in this place.
 B = Non-inter-level travel time spent in this place.
 C = Inter-level travel time spent in this place.
 D = Time resting spent in this place.
 E = Time spent auto-exploring this place.
 F = Levels seen in this place.
 G = Mean time per level.
                   A        B        C        D        E       F      G
               +--------+--------+--------+--------+--------+-----+--------+
         Total |  14338 |  14045 |    293 |   2819 |   6313 |  16 |  896.1 |
       Dungeon |  12680 |  12398 |    282 |   2282 |   5791 |  13 |  975.4 |
        Temple |    378 |    367 |     11 |      0 |    363 |   1 |  378.0 |
          Lair |    815 |    815 |      0 |    343 |    111 |   1 |  815.0 |
       Ossuary |    463 |    463 |      0 |    194 |     47 |   1 |  463.0 |
               +--------+--------+--------+--------+--------+-----+--------+

Top non-repeatable levels by time:
     D:3: 1929 daAuts
     D:6: 1513 daAuts
    D:10: 1445 daAuts
     D:7: 1126 daAuts
     D:4: 1106 daAuts
     D:8: 1058 daAuts
     D:2: 1034 daAuts
     D:5: 908 daAuts
     D:9: 896 daAuts
     D:1: 845 daAuts
  Lair:1: 815 daAuts
    D:12: 658 daAuts
 Ossuary: 463 daAuts
  Temple: 378 daAuts
    D:11: 132 daAuts
